 Dungeon Crawl Stone Soup version 0.31-a0-214-gb37851dbb3 (webtiles) character file.

Game seed: 6113065739859254641

522 qw the Chopper (level 7, -1/44 HPs)
             Began as a Gargoyle Fighter on July 1, 2023.
             Slain by a centaur warrior (8 damage)
             ... on level 8 of the Dungeon.
             The game lasted 00:01:33 (3497 turns).

qw the Chopper (Gargoyle Fighter)                   Turns: 3497, Time: 00:01:33

Health: -1/44      AC: 21    Str: 27    XL:     7   Next: 22%
Magic:  7/7        EV:  7    Int:  8    God:
Gold:   143        SH:  4    Dex:  9    Spells: 6/6 levels left

rFire   . . .        b - +2 war axe of the Everdark {freeze, Str+5}
rCold   . . .        c - +0 buckler
rNeg    + . .        a - +0 plate armour
rPois   inf          (no helmet)
rElec   +            (no cloak)
rCorr   .            e - +0 pair of gloves
SInv    .            (no boots)
Will    .....        g - amulet of faith Stlth
                     h - +4 ring of protection
HPRegen 0.27/turn    (no ring)
MPRegen 0.10/turn

%: faith
@: about to teleport, weak-willed
A: sickness immunity, AC +4, negative energy resistance 1, electricity
resistance, torment resistance 1, petrification resistance
a: no special abilities


You were on level 8 of the Dungeon.
You visited 1 branch of the dungeon, and saw 6 of its levels.

You collected 143 gold pieces.


Innate Abilities, Weirdness & Mutations

You are immune to sickness and miasma.
Your stone body is resilient. (AC +4)
You are immune to poison.
You resist negative energy. (rN+)
You are resistant to electric shocks. (rElec)
You are resistant to unholy torment.
You are immune to petrification.


   Skills:
 - Level 4.3 Fighting
 + Level 6.0 Axes
 - Level 3.2 Armour
 - Level 2.0 Dodging
 - Level 3.2 Shields


You had 6 spell levels left.
You didn't know any spells.
Your spell library was empty.

Inventory:

Hand Weapons
 b - the +2 war axe of the Everdark (weapon) {freeze, Str+5}
   (You acquired it on level 2 of the Dungeon)

   Str:       It affects your strength (+5).
 j - a +0 war axe
 n - the +8 flail "Georouc" {flame, rF+ Str+3 Dex-3}
   (You found it on level 8 of the Dungeon)

   Str:       It affects your strength (+3).
   Dex:       It affects your dexterity (-3).
   rF:        It protects you from fire.
Armour
 a - a +0 plate armour (worn)
 c - a +0 buckler (worn)
 e - a +0 pair of gloves (worn)
Jewellery
 g - an amulet of faith (around neck)
 h - a +4 ring of protection (left hand)
Scrolls
 f - a scroll of identify
Potions
 d - a potion of might
 i - 2 potions of curing
 k - 3 potions of enlightenment
 m - a potion of lignification {unknown}

Dungeon Overview and Level Annotations

Branches:
Dungeon (5/15)
 Temple: D:4-7

Altars:
Zin


Message History

What level of the Dungeon? (default 1, ? - help)
There is a stone staircase leading up here.
There is a stone staircase leading down here.
You climb downwards.
There is a stone staircase leading up here.
Waypoint 4 assigned to D:5.
A sourceless malevolence fills the Dungeon...
You fall into a shaft and drop 3 floors!
The shaft crumbles and collapses.
Found a spear.
Waypoint 5 assigned to D:8.
n - the +8 flail "Georouc" {flame, rF+ Str+3 Dex-3}
3491 ||| DROPPING +0 flail.
You drop a +0 flail.
A centaur warrior and a wraith come into view.
The centaur warrior shouts!
The centaur warrior wields a +0 shortbow.
The centaur warrior shoots an arrow.
The arrow hits you!
3493 ||| Stepping ~*~*~tactically~*~*~ (hiding).
You see here a +0 flail.
A wyvern comes into view.
The centaur warrior shoots an arrow.
The arrow hits you.
A shadow comes into view.
The wyvern hisses angrily.
A gargoyle comes into view. It is wielding a +0 mace.
The centaur warrior shoots an arrow.
The arrow hits you!
The centaur warrior shoots an arrow.
The arrow hits you!
The gargoyle moves out of view.
Found a book of Vapours.
The wyvern bites you!
The wyvern bites you but does no damage.
The wraith hits you but does no damage.
The shadow slips into darkness.
The shadow flickers and vanishes!
Deactivating autopickup; reactivate with Ctrl-A.
3497 ||| READING scroll of teleportation.
As you read the scroll of teleportation, it crumbles to dust.
You feel strangely unstable.
The centaur warrior unwields a +0 shortbow.
The centaur warrior hits you!
You die...

#. ... ###..#
......
######....#
#).........
#....l.##
#...@..#
#...cW......
#{...#....#.
...........#
.....##....).#
.....?##9.....#
.............:#
....#. ..######


You could see a centaur warrior, a wraith, a wyvern and a gargoyle.

Vanquished Creatures
  2 ogres (D:4)
  A phantom (D:4)
  A howler monkey (D:4)
  2 jellies (D:4)
  7 gnolls
  5 adders
  A worm (D:3)
  2 dart slugs (D:1)
  An orc (D:3)
  13 endoplasms
  2 giant cockroaches (D:1)
  7 goblins
  8 hobgoblins
  3 quokkas (D:2)
  6 ball pythons
  4 bats
  6 frilled lizards
  6 kobolds
77 creatures vanquished.

Notes
Turn   | Place    | Note
-------+----------+-------------------------------------------
     0 | D:1      | qw the Gargoyle Fighter began the quest for the Orb.
     0 | D:1      | Reached XP level 1. HP: 14/14 MP: 1/1
     0 | D:1      | 0 ||| qw: Version: 0.3-a-32-g5962c71
     0 | D:1      | 0 ||| qw: Game counter: 7414
     0 | D:1      | 0 ||| qw: Melee chars always use a shield: true
     0 | D:1      | 0 ||| qw: God list: Okawaru
     0 | D:1      | 0 ||| qw: Allow faded altars: false
     0 | D:1      | 0 ||| qw: Do Orc after clearing Dungeon:15 true
     0 | D:1      | 0 ||| qw: Do second Lair branch before Depths: true
     0 | D:1      | 0 ||| qw: Lair rune preference: random
     0 | D:1      | 0 ||| qw: Goals: Normal, Zot:1-4, Slime:5, God:TSO, Crypt,
                  | Tomb, Abyss, Pan, Hells, Win
     0 | D:1      | 0 ||| PLANNING D:1-11
   168 | D:1      | Reached skill level 2 in Axes
   175 | D:1      | 175 ||| Stepping ~*~*~tactically~*~*~ (hiding).
   177 | D:1      | 177 ||| Stepping ~*~*~tactically~*~*~ (hiding).
   179 | D:1      | 179 ||| Stepping ~*~*~tactically~*~*~ (hiding).
   386 | D:1      | Reached XP level 2. HP: 19/19 MP: 2/2
   686 | D:1      | 686 ||| DROPPING +0 club.
   805 | D:1      | Reached skill level 3 in Axes
   816 | D:1      | Reached XP level 3. HP: 23/23 MP: 3/3
  1136 | D:1      | 1136 ||| UPGRADING to +0 pair of gloves.
  1141 | D:1      | 1141 ||| UPGRADING to amulet of faith.
  1146 | D:1      | 1146 ||| UPGRADING to +4 ring of protection.
  1147 | D:1      | 1147 ||| READING scroll labelled BAUWNU DYNLYS.
  1252 | D:2      | 1252 ||| Stepping ~*~*~tactically~*~*~ (stealth).
  1253 | D:2      | 1253 ||| Stepping ~*~*~tactically~*~*~ (stealth).
  1254 | D:2      | 1254 ||| Stepping ~*~*~tactically~*~*~ (stealth).
  1310 | D:2      | 1310 ||| Stepping ~*~*~tactically~*~*~ (stealth).
  1435 | D:2      | Found a faded altar of an unknown god.
  1438 | D:2      | 1438 ||| Stepping ~*~*~tactically~*~*~ (water).
  1485 | D:2      | Identified the +1 robe "Zifronni" {MP-9 Int+6}
  1490 | D:2      | Reached XP level 4. HP: 25/28 MP: 4/4
  1494 | D:2      | Reached skill level 4 in Axes
  1494 | D:2      | 1494 ||| FLEEEEING.
  1548 | D:2      | 1548 ||| Stepping ~*~*~tactically~*~*~ (stealth).
  1750 | D:2      | 1750 ||| UPGRADING to +0 plate armour.
  1760 | D:2      | 1760 ||| DROPPING +0 scale mail.
  1761 | D:2      | 1761 ||| READING scroll labelled YRALAIMUFF.
  1761 | D:2      | Identified a scroll of acquirement
  1761 | D:2      | 1761 ||| ACQUIRING +2 war axe of the Everdark {freeze,
                  | Str+5}
  1761 | D:2      | Acquired the +2 war axe of the Everdark {freeze, Str+5}
  1763 | D:2      | 1763 ||| SWAPPING to +2 war axe of the Everdark {freeze,
                  | Str+5}.
  1764 | D:2      | 1764 ||| READING scroll labelled VAQESTROIFI.
  1765 | D:2      | 1765 ||| READING scroll labelled BESO WUWA.
  1912 | D:3      | 1912 ||| DROPPING +0 whip.
  1977 | D:3      | 1977 ||| Stepping ~*~*~tactically~*~*~ (stealth).
  1981 | D:3      | 1981 ||| Stepping ~*~*~tactically~*~*~ (stealth).
  1983 | D:3      | 1983 ||| Stepping ~*~*~tactically~*~*~ (hiding).
  2123 | D:3      | 2123 ||| Stepping ~*~*~tactically~*~*~ (stealth).
  2170 | D:3      | Found a glowing silver altar of Zin.
  2202 | D:3      | Reached XP level 5. HP: 32/32 MP: 5/5
  2716 | D:3      | 2716 ||| DRINKING 3 clear potions.
  2767 | D:4      | Reached skill level 5 in Axes
  2776 | D:4      | Noticed a phantom
  2786 | D:4      | Killed a phantom
  2787 | D:4      | Reached XP level 6. HP: 37/39 MP: 6/6
  2958 | D:4      | 2958 ||| Stepping ~*~*~tactically~*~*~ (stealth).
  2986 | D:4      | Reached skill level 6 in Axes
  3164 | D:4      | Reached XP level 7. HP: 44/44 MP: 7/7
  3466 | D:4      | 3466 ||| READING scroll labelled COOSIZ QYRI.
  3467 | D:4      | 3467 ||| READING 2 scrolls labelled KUJ VO WOIHO.
  3471 | D:4      | 3471 ||| READING scroll labelled SUAMOP NU UMYTO.
  3472 | D:4      | 3472 ||| READING scroll labelled FEREIF AKAARR.
  3473 | D:4      | 3473 ||| DRINKING 3 inky potions.
  3481 | D:5      | Entered Level 5 of the Dungeon
  3488 | D:5      | You fall into a shaft and drop 3 floors!
  3489 | D:8      | Identified the +8 flail "Georouc" {flame, rF+ Str+3 Dex-3}
  3491 | D:8      | 3491 ||| DROPPING +0 flail.
  3492 | D:8      | Noticed a centaur warrior
  3492 | D:8      | Noticed a wraith
  3493 | D:8      | 3493 ||| Stepping ~*~*~tactically~*~*~ (hiding).
  3494 | D:8      | Noticed a wyvern
  3494 | D:8      | Noticed a shadow
  3495 | D:8      | Noticed a gargoyle
  3496 | D:8      | HP: 6/44 [wyvern (9)]
  3497 | D:8      | 3497 ||| READING scroll of teleportation.
  3497 | D:8      | Slain by a centaur warrior

Levels and vault maps discovered:
D:1:      eino_arrival_tree_alley, layout_loops_corners, serial_forest,
          infiniplex_forest_straight_2, infiniplex_forest_straight_3,
          infiniplex_forest_straight_3, infiniplex_forest_end_1,
          infiniplex_forest_lined_room_, infiniplex_forest_lined_3,
          kennysheep_nondescript
D:2:      layout_rooms, shapermc_ecumenical_altar_notcrosses
D:3:      layout_basic, zin_treasury, serial_bayou_pond_c, chequers_arboretum
D:4:      layout_loops_ring
D:5:      layout_cave_pools, temple_pool_b
D:8:      minmay_cut_squares, layout_basic

Skill      XL: |  1  2  3  4  5  6  7 |
---------------+----------------------+-----
Axes           | 2 3 4 5 6 |  6.0
Fighting       | 4 |  4.3
Dodging        | 2 |  2.0
Armour         | |  3.2
Shields        | |  3.2

Action                     |  1- 3 |  4- 6 |  7- 9 || total
---------------------------+-------+-------+-------++-------
  Melee: War axe           |   106 |    85 |     5 ||   196
  Throw: Boomerang         |       |    15 |       ||    15
    Use: Scroll            |     1 |     3 |     5 ||     9
         Potion            |       |     1 |     1 ||     2
 Armour: Scale mail        |    58 |     6 |       ||    64
         Plate armour      |       |    33 |     2 ||    35
  Dodge: Dodged            |    54 |    21 |     2 ||    77
  Block: Buckler           |    13 |    14 |     1 ||    28

Table legend:
 A = Non-vault XP
 B = Vault XP
 C = Vault XP percentage of total XP
 D = Non-vault monster count
 E = Vault monster count
 F = Vault count percentage of total count
                 A         B        C        D         E       F
            +---------+---------+-------+---------+---------+-------
      Total |     746 |       0 |   0.0 |      77 |       0 |   0.0
            +---------+---------+-------+---------+---------+-------
        D:1 |      37 |       0 |   0.0 |      21 |       0 |   0.0
        D:2 |      91 |       0 |   0.0 |      26 |       0 |   0.0
        D:3 |      77 |       0 |   0.0 |      16 |       0 |   0.0
        D:4 |     541 |       0 |   0.0 |      14 |       0 |   0.0
            +---------+---------+-------+---------+---------+-------
